 Dungeon Crawl Stone Soup version 0.24.0-13-gcf9b319 (webtiles) character file.

Game seed: 15637563750752276194, levelgen mode: deterministic

88 ClockworkOrrery the Skirmisher (level 4, -1/45 HPs)
             Began as a Troll Wizard on Feb 2, 2020.
             Slain by an adder (5 damage)
             ... on level 2 of the Dungeon.
             The game lasted 00:04:42 (1181 turns).

ClockworkOrrery the Skirmisher (Troll Wizard)       Turns: 1181, Time: 00:04:42

Health: -1/45      AC:  6    Str: 15    XL:     4   Next: 30%
Magic:  6/6        EV:  9    Int: 15    God:
Gold:   108        SH:  0    Dex:  8    Spells: 6/7 levels left

rFire    . . .     SeeInvis .   (no weapon)
rCold    . . .     Gourm    +   (no shield)
rNeg     . . .     Faith    .   a - +0 robe
rPois    .         Spirit   .   b - +0 hat
rElec    .         Reflect  .   (no cloak)
rCorr    .         Harm     .   (gloves unavailable)
MR       .....     Rnd*Tele +   (boots unavailable)
Stlth    +.........             (no amulet)
HPRegen  0.55/turn              o - ring of teleportation (curse)
MPRegen  0.10/turn              (no ring)

@: no status effects
A: large, unfitting armour, claws 3, fast metabolism 3, gourmand, regeneration
1, shaggy fur 1, tough skin 3
a: no special abilities


You were on level 2 of the Dungeon.
You were completely stuffed.

You visited 1 branch of the dungeon, and saw 2 of its levels.

You collected 108 gold pieces.

Inventory:

Armour
 a - a +0 robe (worn)
 b - a +0 hat (worn)
Jewellery
 o - a cursed ring of teleportation (left claw)
Scrolls
 h - a scroll of fear {unknown}
 j - a scroll of remove curse {unknown}
 k - a scroll of teleportation {unknown}
 l - a scroll of enchant armour {unknown}
 m - a scroll of blinking {unknown}
Potions
 c - a potion of degeneration {unknown}
 e - a potion of curing {unknown}
 f - 2 potions of berserk rage {unknown}
 i - a potion of ambrosia {unknown}
 n - a potion of lignification {unknown}
 p - 2 potions of mutation {unknown}
Comestibles
 d - 4 rations
 g - 13 chunks of flesh


   Skills:
 * Level 3.3 Fighting
 - Level 1.5 Dodging
 - Level 1.0 Stealth
 - Level 2.0 Spellcasting
 - Level 0.6 Conjurations
   Level 0.6 Summonings
   Level 0.6 Translocations


You had 6 spell levels left.
You knew the following spells:

 Your Spells              Type           Power        Failure   Level  Hunger
a - Magic Dart            Conj           #...         17%         1    #......

Your spell library contained the following spells:

 Spells                   Type           Power        Failure   Level  Hunger
 Blink                    Tloc           N/A          26%         2    ###....
 Call Imp                 Summ           #.......     26%         2    ###....
 Slow                     Hex            #.......     32%         2    ###....
 Conjure Flame            Conj/Fire      #.......     52%         3    ###....
 Mephitic Cloud           Conj/Pois/Air  #.......     52%         3    ###....


Dungeon Overview and Level Annotations

Branches:
Dungeon (2/15)

Altars:

Annotations:
D:2 Sigmund


Innate Abilities, Weirdness & Mutations

You are too large for most types of armour.
You have claws for hands.
Your metabolism is lightning-fast.
You like to eat raw meat.
Your natural rate of healing is unusually fast.
You are covered in fur. (AC +1)
You have extremely tough skin. (AC +3)


Message History

The ball python bites you.
The jackal bites you but does no damage.
You miss the frilled lizard. The ball python closely misses you.
The jackal barely misses you. Something hits you!
* * * LOW HITPOINT WARNING * * *
The frilled lizard bites you but does no damage.
You closely miss the frilled lizard.
The jackal bites you but does no damage.
The ball python bites you but does no damage.
The adder bites you but does no damage.
The jackal bites you but does no damage.
The frilled lizard barely misses you.
The ball python bites you but does no damage.
Something hits you.
* * * LOW HITPOINT WARNING * * *
The adder bites you but does no damage.
You miss the frilled lizard.
The jackal bites you but does no damage.
The adder bites you.
You die...

## ## ######.
(.
....<.h##{#####
#.S@l.....#
##S##..#..# #.
.# .. # ##. #.
#. #.


You could see an adder, a jackal, a ball python and a frilled lizard.

Vanquished Creatures
  Robin (D:2)
  An adder (D:2)
  2 worms (D:2)
  2 dart slugs
  4 bats (D:1)
  5 giant cockroaches
  13 goblins
  6 hobgoblins
  6 jackals
  5 kobolds
  2 ball pythons (D:1)
  6 rats
53 creatures vanquished.

Notes
Turn   | Place    | Note
-------+----------+-------------------------------------------
     0 | D:1      | ClockworkOrrery the Troll Wizard began the quest for the
                  | Orb.
     0 | D:1      | Reached XP level 1. HP: 16/16 MP: 2/2
    51 | D:1      | Reached skill level 1 in Fighting
    74 | D:1      | Reached XP level 2. HP: 18/27 MP: 4/4
   328 | D:1      | Reached skill level 2 in Fighting
   507 | D:1      | Reached XP level 3. HP: 31/35 MP: 5/5
   897 | D:2      | Noticed Robin
   920 | D:2      | Killed Robin
   961 | D:2      | Reached skill level 3 in Fighting
   999 | D:2      | Reached XP level 4. HP: 27/45 MP: 6/6
  1169 | D:2      | Noticed Sigmund
  1181 | D:2      | Slain by an adder

Levels and vault maps discovered:
D:1:      dpeg_arrival_shelter, layout_basic
D:2:      layout_loops_ring, grunt_decor_mini_mirrors, uniq_robin, uniq_sigmund

Skill      XL: |  1  2  3 |
---------------+----------+-----
Fighting       | 1 2 3 |  3.3
Dodging        | |  1.5
Stealth        | |  1.0
Spellcasting   | |  2.0
Conjurations   | |  0.6
Summonings     | |  0.6
Translocations | |  0.6

Action                   |  1- 3 |  4- 6 || total
-------------------------+-------+-------++-------
Melee: Unarmed           |   165 |    34 ||   199
 Cast: Magic Dart        |     5 |       ||     5
 Stab: Sleeping          |     1 |       ||     1
  Eat: Chunk             |    13 |     4 ||    17
Armor: Robe              |    74 |    22 ||    96
Dodge: Dodged            |    85 |    24 ||   109
